[Event "Titled Tuesday Blitz July 13 2021"]
[White "Hamley, Ryan"]
[Black "Primbetov, Kazbek"]
[WhiteFideId "30959497"]
[BlackFideId "13702297"]
[WhiteElo "2394"]
[BlackElo "2184"]
[Result "0-1"]
[Round "08"]
[TimeControl "180+1"]
[Date "2021.07.13"]
[WhiteClock "0:01:40"]
[BlackClock "0:01:46"]

1. e4 e6 2. d4 d5 3. exd5 exd5 4. Bd3 Bd6 5. h3 Ne7 6. c3 Bf5 7. Qc2 Qd7 8. Nf3 Nbc6 9. Bxf5 Nxf5 10. O-O O-O-O 11. a4 f6 12. a5 g5 13. Nbd2 Rhg8 14. b4 g4 15. hxg4 Rxg4 16. b5 Nce7 17. Re1 Rdg8 18. Nb3 Rxg2+ 19. Kf1 Qxb5+ 20. Re2 Bh2 21. Ke1 Rg1+ 0-1


[Site "https://www.chess.com"]

[Event "Titled Tuesday Blitz July 13 2021"]
[White "Hansen, Sune Berg"]
[Black "Pridorozhni, Aleksei"]
[WhiteFideId "1400266"]
[BlackFideId "4127870"]
[WhiteElo "2637"]
[BlackElo "2565"]
[Result "0-1"]
[Round "08"]
[TimeControl "180+1"]
[Date "2021.07.13"]
[WhiteClock "0:00:29"]
[BlackClock "0:01:32"]

1. e4 c5 2. Nc3 Nc6 3. Bb5 Nd4 4. Nf3 e6 5. O-O a6 6. Bd3 Nc6 7. Re1 b5 8. e5 Qc7 9. b3 Nge7 10. Bb2 Bb7 11. a4 b4 12. Ne4 Ng6 13. Ng3 Be7 14. Nh5 O-O 15. Be4 Rfe8 16. d3 Rad8 17. Qd2 h6 18. Nf4 Nf8 19. Nh5 Ng6 20. a5 Nxa5 21. Bxb7 Nxb7 22. Rxa6 Ra8 23. Raa1 Rxa1 24. Rxa1 Na5 25. Qe3 Nc6 26. Qe4 Qb7 27. h4 Ra8 28. Re1 Ra2 29. Rb1 Qa8 30. Qe1 Na7 31. Nf6+ gxf6 32. exf6 Bd6 33. h5 Nf4 34. Bc1 Nb5 35. Bxf4 Bxf4 0-1


[Site "https://www.chess.com"]

[Event "Titled Tuesday Blitz July 13 2021"]
[White "Hoffmann, Asa"]
[Black "Mezentsev, Ivan"]
[WhiteFideId "2001470"]
[BlackFideId "13706195"]
[WhiteElo "2117"]
[BlackElo "2295"]
[Result "0-1"]
[Round "08"]
[TimeControl "180+1"]
[Date "2021.07.13"]
[WhiteClock "0:00:21"]
[BlackClock "0:00:44"]

1. d4 Nf6 2. Bg5 c5 3. d5 Qb6 4. Nc3 d6 5. e4 Nbd7 6. Bd2 g6 7. f4 Bg7 8. Nf3 O-O 9. Bc4 a6 10. e5 dxe5 11. fxe5 Ng4 12. e6 Nde5 13. exf7+ Rxf7 14. Be2 c4 15. Rf1 Nxf3+ 16. Bxf3 Nxh2 17. Rh1 Bg4 18. Qe2 Nxf3+ 19. gxf3 Bxf3 20. Qxc4 Bxh1 21. O-O-O Bf3 22. Re1 Qd6 23. Ne4 Bxe4 24. Qxe4 Rc8 25. Bb4 Qb6 26. c3 Bf6 27. Qe6 Qxe6 28. dxe6 Rff8 29. Rd1 Rfd8 30. Re1 h5 31. Kc2 h4 32. Ba5 Rd5 33. Bb6 Kg7 0-1


[Site "https://www.chess.com"]

[Event "Titled Tuesday Blitz July 13 2021"]
[White "Horak, Martin"]
[Black "Sadovsky, Artem"]
[WhiteFideId "367095"]
[BlackFideId "4155840"]
[WhiteElo "1997"]
[BlackElo "2442"]
[Result "0-1"]
[Round "08"]
[TimeControl "180+1"]
[Date "2021.07.13"]
[WhiteClock "0:00:43"]
[BlackClock "0:01:59"]

1. e4 g6 2. Ke2 Bg7 3. d4 c5 4. Be3 Nc6 5. Nf3 Qb6 6. d5 Qxb2 7. dxc6 Qxa1 8. cxd7+ Bxd7 9. c3 Qxa2+ 10. Nbd2 Bxc3 11. Bxc5 Nf6 0-1


[Site "https://www.chess.com"]

[Event "Titled Tuesday Blitz July 13 2021"]
[White "Ibrahimli, Murad"]
[Black "Skatchkov, Valery"]
[WhiteFideId "13410229"]
[BlackFideId "24195812"]
[WhiteElo "2109"]
[BlackElo "2199"]
[Result "1-0"]
[Round "08"]
[TimeControl "180+1"]
[Date "2021.07.13"]
[WhiteClock "0:00:07"]
[BlackClock "0:00:03"]

1. Nf3 Nf6 2. e3 e6 3. b3 b6 4. Bb2 Bb7 5. Be2 Be7 6. d4 O-O 7. O-O c5 8. c4 d5 9. cxd5 exd5 10. Nc3 Nc6 11. Rc1 Rb8 12. dxc5 bxc5 13. Na4 Nb4 14. Nxc5 Nxa2 15. Nxb7 Rxb7 16. Ra1 Nb4 17. Nd4 Ne4 18. Bf3 Bf6 19. Rc1 Qb6 20. g3 Na2 21. Rc6 Qd8 22. Ba3 Re8 23. Qa1 Nb4 24. Bxb4 Rxb4 25. Rd1 a5 26. Ra6 Ng5 27. Bg2 Rxb3 28. Qxa5 Bxd4 29. Qxd8 Rxd8 30. exd4 Ne6 31. Bh3 Ng5 32. Bg4 g6 33. h4 Ne4 34. Kg2 Rb2 35. Rf1 Rc8 36. Bxc8 Rd2 37. Ra4 1-0


[Site "https://www.chess.com"]

[Event "Titled Tuesday Blitz July 13 2021"]
[White "Iskusnyh, Sergei"]
[Black "Steinberg, Nitzan"]
[WhiteFideId "4120027"]
[BlackFideId "2801795"]
[WhiteElo "2492"]
[BlackElo "2440"]
[Result "1-0"]
[Round "08"]
[TimeControl "180+1"]
[Date "2021.07.13"]
[WhiteClock "0:01:07"]
[BlackClock "0:00:47"]

1. d4 Nf6 2. c4 e6 3. g3 d5 4. Nf3 Bb4+ 5. Bd2 Be7 6. Bg2 O-O 7. O-O Nbd7 8. Qc2 Ne4 9. Nc3 Nxd2 10. Nxd2 c6 11. e3 f5 12. Nf3 Bd6 13. Ne2 g5 14. Nc1 g4 15. Nd2 h5 16. Nd3 h4 17. Nf4 Rf6 18. Rab1 Nf8 19. b4 a6 20. a4 Nh7 21. b5 axb5 22. axb5 Ng5 23. bxc6 bxc6 24. cxd5 cxd5 25. Rfc1 hxg3 26. hxg3 Ba6 27. Qc6 Rh6 28. Ra1 Nh3+ 29. Bxh3 gxh3 30. Kh2 Bxf4 31. exf4 Qc8 32. Qxc8+ Rxc8 33. Rxc8+ Bxc8 34. Ra8 1-0


[Site "https://www.chess.com"]

[Event "Titled Tuesday Blitz July 13 2021"]
[White "Janaszak, Dawid"]
[Black "Omariev, Maksim"]
[WhiteFideId "1119206"]
[BlackFideId "4193423"]
[WhiteElo "2332"]
[BlackElo "2385"]
[Result "1/2-1/2"]
[Round "08"]
[TimeControl "180+1"]
[Date "2021.07.13"]
[WhiteClock "0:00:15"]
[BlackClock "0:00:04"]

1. e4 c5 2. Nc3 d6 3. f4 Nc6 4. Nf3 g6 5. Bc4 Bg7 6. O-O e6 7. d4 cxd4 8. Nb5 d5 9. exd5 exd5 10. Bxd5 Nge7 11. Bxc6+ bxc6 12. Nbxd4 Bg4 13. c3 O-O 14. Qa4 Qb6 15. Ne5 Be2 16. Nd7 Qc7 17. Nxf8 Bxf1 18. Kxf1 Rxf8 19. Be3 Nd5 20. Nc2 Re8 21. Re1 Nb6 22. Qa5 h5 23. g3 Bf6 24. Bf2 Rxe1+ 25. Nxe1 Qb7 26. Nd3 Nc4 27. Qb4 Qxb4 28. Nxb4 Nxb2 29. Nxc6 Bxc3 30. Nxa7 Nc4 31. Nb5 Bb4 32. a4 Ba5 33. Ke2 Kf8 34. Kd3 Nb2+ 35. Ke4 Nxa4 36. Kd5 Nc3+ 37. Nxc3 Bxc3 38. Bc5+ Kg7 39. Bd6 Bf6 40. Kc6 Kh7 41. Kd7 Kg8 42. Ke8 Bd4 43. Ke7 Bg1 44. h3 Bh2 45. f5 gxf5 46. Kf6 h4 47. Kxf5 Bxg3 48. Be7 Kg7 49. Kg4 Kg6 50. Bxh4 Bxh4 51. Kxh4 Kf5 52. Kg3 Kg5 53. h4+ Kh5 54. Kf4 Kxh4 55. Kf5 Kg3 56. Kf6 Kf4 57. Kxf7 1/2-1/2


[Site "https://www.chess.com"]

[Event "Titled Tuesday Blitz July 13 2021"]
[White "Kanyamarala, Tarun"]
[Black "Tikhonov, Viacheslav"]
[WhiteFideId "45004714"]
[BlackFideId "44196407"]
[WhiteElo "2086"]
[BlackElo "1773"]
[Result "0-1"]
[Round "08"]
[TimeControl "180+1"]
[Date "2021.07.13"]
[WhiteClock "0:00:02"]
[BlackClock "0:00:15"]

1. e4 c5 2. Nf3 Nc6 3. Nc3 e5 4. Bc4 d6 5. d3 h6 6. O-O g6 7. Nd5 Bg7 8. c3 Nge7 9. a4 O-O 10. Be3 Kh7 11. h3 f5 12. exf5 Nxf5 13. Nd2 Nce7 14. Ne4 Be6 15. Ndf6+ Bxf6 16. Bxe6 d5 17. Bxf5 Nxf5 18. Nxf6+ Qxf6 19. Bxc5 Rf7 20. Qe2 b6 21. Be3 Re8 22. a5 b5 23. Rae1 a6 24. Bc5 Nh4 25. f4 e4 26. Bd4 Qf5 27. Qf2 g5 28. fxg5 hxg5 29. Qg3 Qg6 30. dxe4 Rxf1+ 31. Rxf1 dxe4 32. Qc7+ Kh6 33. Be3 Nf5 34. Rxf5 Qxf5 35. Qc6+ Re6 36. Qc8 Kg7 37. Qd7+ Qf7 38. Qd4+ Kg6 39. Qd8 Rf6 40. Qd4 Rf1+ 41. Kh2 Qc7+ 42. g3 Qe7 43. Qd5 Rf7 44. Qc6+ Kg7 45. Bd4+ Kh7 46. Qxe4+ Qxe4 0-1


[Site "https://www.chess.com"]

[Event "Titled Tuesday Blitz July 13 2021"]
[White "Kavyev, Ruslan"]
[Black "Rodriguez, Santiago"]
[WhiteFideId "34110981"]
[BlackFideId "3000591"]
[WhiteElo "2172"]
[BlackElo "2256"]
[Result "1-0"]
[Round "08"]
[TimeControl "180+1"]
[Date "2021.07.13"]
[WhiteClock "0:00:05"]
[BlackClock "0:00:01"]

1. d4 Nf6 2. c4 e6 3. g3 d5 4. Nf3 Be7 5. Bg2 O-O 6. Nc3 dxc4 7. Ne5 Nc6 8. Bxc6 bxc6 9. Nxc6 Qe8 10. Nxe7+ Qxe7 11. Qa4 a5 12. Qxc4 Ba6 13. Qc5 Qxc5 14. dxc5 Rab8 15. b3 Rfd8 16. f3 Nd5 17. Bd2 Nxc3 18. Bxc3 a4 19. b4 Bc4 20. a3 c6 21. Kf2 Bb3 22. Ke3 Rd5 23. Rhb1 Bc4 24. Rd1 Rbd8 25. Rxd5 Rxd5 26. Rc1 Bb5 27. h4 f6 28. g4 h5 29. Rg1 Kf7 30. g5 fxg5 31. hxg5 Kg6 32. f4 Bc4 33. Re1 Rd7 34. Kf3 Bd5+ 35. Kf2 Kf5 36. Be5 g6 37. Rd1 Rh7 38. Kg3 h4+ 39. Kh3 Ke4 40. Rg1 Ke3 41. Rc1 Kxe2 42. b5 cxb5 43. c6 Bxc6 44. Rxc6 Kf3 45. Rxe6 Rd7 46. Rxg6 Rd3 47. Bb8 1-0


[Site "https://www.chess.com"]

[Event "Titled Tuesday Blitz July 13 2021"]
[White "Kolb, Tobias"]
[Black "Markidis, Konstantinos"]
[WhiteFideId "12992321"]
[BlackFideId "4203500"]
[WhiteElo "2110"]
[BlackElo "2304"]
[Result "1-0"]
[Round "08"]
[TimeControl "180+1"]
[Date "2021.07.13"]
[WhiteClock "0:00:29"]
[BlackClock "0:00:24"]

1. e4 e6 2. d4 d5 3. exd5 exd5 4. Qf3 Nf6 5. h3 Be7 6. Bd3 O-O 7. Ne2 b6 8. O-O c5 9. c3 Ba6 10. Bxa6 Nxa6 11. Bf4 Nb8 12. Nd2 Nc6 13. Rfe1 Rc8 14. Rad1 cxd4 15. Nxd4 Nxd4 16. cxd4 Bb4 17. Bg5 Rc2 18. Re5 Bxd2 19. Rxd2 Rxd2 20. Bxd2 Ne4 21. Bb4 Re8 22. Rxe8+ Qxe8 23. Qf5 Qd8 24. Qe5 h6 25. f3 Ng5 26. Be7 Qe8 27. Bxg5 Qxe5 28. dxe5 hxg5 29. Kf2 Kf8 30. Ke3 Ke7 31. Kd4 Ke6 32. g3 a6 33. b3 a5 34. f4 gxf4 35. gxf4 Kf5 36. Kxd5 Kxf4 37. e6 fxe6+ 38. Kxe6 Kg3 39. Kf7 g5 40. Kf6 Kf4 41. a4 g4 42. hxg4 Kxg4 43. Ke5 Kf3 44. Kd5 Ke3 45. Kc6 Kd4 46. Kxb6 Kc3 47. Kxa5 Kxb3 48. Kb5 1-0


[Site "https://www.chess.com"]

[Event "Titled Tuesday Blitz July 13 2021"]
[White "Lazavik, Denis"]
[Black "Pruijssers, Roeland"]
[WhiteFideId "13515110"]
[BlackFideId "1013068"]
[WhiteElo "2436"]
[BlackElo "2545"]
[Result "1-0"]
[Round "08"]
[TimeControl "180+1"]
[Date "2021.07.13"]
[WhiteClock "0:00:13"]
[BlackClock "0:00:02"]

1. d4 f5 2. Nc3 Nf6 3. Bg5 d5 4. e3 e6 5. Nf3 a6 6. Bd3 c5 7. O-O Nc6 8. dxc5 Bxc5 9. Bf4 Ne4 10. Ne2 g5 11. Bg3 h5 12. c4 dxc4 13. Bxc4 Qxd1 14. Rfxd1 f4 15. Bxf4 gxf4 16. Nxf4 Kf7 17. Bd3 Nd6 18. Rac1 Ba7 19. Ng5+ Kf6 20. Nh7+ Kf7 21. Bg6+ Ke7 22. Bb1 Rd8 23. Ng6+ Kf7 24. Ng5+ Kg7 25. Nf4 Kf6 26. Nh7+ Kf7 27. Nxh5 Nf5 28. Rxd8 Nxd8 29. Rc7+ Kg6 30. Nf4+ Kh6 31. Nf8 Ng7 32. g4 e5 33. g5+ Kxg5 34. Rxg7+ Kf6 35. Nh5# 1-0


[Site "https://www.chess.com"]

[Event "Titled Tuesday Blitz July 13 2021"]
[White "Liu, Manli"]
[Black "Kononenko, Dmitry"]
[WhiteFideId "8608121"]
[BlackFideId "14113538"]
[WhiteElo "2061"]
[BlackElo "2289"]
[Result "1-0"]
[Round "08"]
[TimeControl "180+1"]
[Date "2021.07.13"]
[WhiteClock "0:00:19"]
[BlackClock "0:00:05"]

1. e4 c6 2. Nc3 d5 3. Nf3 Bg4 4. h3 Bxf3 5. Qxf3 e6 6. Be2 Nd7 7. d4 g6 8. O-O Bg7 9. Be3 Ne7 10. Rad1 O-O 11. Bg5 Re8 12. Qe3 Qb6 13. b3 Qa5 14. a4 c5 15. Bxe7 Rxe7 16. Nb5 cxd4 17. Nxd4 dxe4 18. Qxe4 Nf6 19. Qf3 Rc8 20. Rd3 Nd5 21. c4 Nb4 22. Rdd1 e5 23. Nb5 e4 24. Qe3 a6 25. Nd6 Rc6 26. f3 Nc2 27. Qa7 Be5 28. Nxe4 Qb6+ 29. Qxb6 Rxb6 30. Rd3 f5 31. Nf2 Nd4 32. Bd1 a5 33. f4 Bf6 34. g3 Rbe6 35. Kg2 b6 36. Bf3 Kg7 37. Rfd1 Nxf3 38. Kxf3 h6 39. g4 Rc6 40. Rd7 Kf7 41. Rxe7+ Kxe7 42. Rd5 fxg4+ 43. hxg4 Re6 44. Ne4 Bg7 45. f5 gxf5 46. gxf5 Rc6 47. Kf4 Bf6 48. Rd3 h5 49. Rh3 h4 50. Nxf6 Rxf6 51. Rxh4 Rd6 52. Ke5 Rd3 53. Rh7+ Kf8 54. Kf6 Kg8 55. Rg7+ Kf8 56. Rb7 Rd6+ 57. Ke5 Rc6 58. f6 Rc5+ 59. Kd6 Rf5 60. Rxb6 Rxf6+ 61. Kc7 Rf3 62. Kb7 Ke7 63. Ka6 Kd7 64. Kxa5 Kc7 65. b4 Rf5+ 66. b5 Rf4 67. Rc6+ Kb7 68. c5 Rf1 69. Rd6 Kc7 70. Re6 Rc1 71. Re7+ Kd8 72. Re5 Kc7 73. Rf5 Rc2 74. Rf7+ Kb8 75. c6 Rb2 76. Kb6 Rxb5+ 77. axb5 1-0


[Site "https://www.chess.com"]

[Event "Titled Tuesday Blitz July 13 2021"]
[White "Maiorov, Nikita"]
[Black "Wong, Yinn Long"]
[WhiteFideId "13501720"]
[BlackFideId "5707684"]
[WhiteElo "2440"]
[BlackElo "2016"]
[Result "1-0"]
[Round "08"]
[TimeControl "180+1"]
[Date "2021.07.13"]
[WhiteClock "0:00:40"]
[BlackClock "0:00:43"]

1. d4 Nf6 2. c4 e6 3. Nf3 b6 4. g3 Bb7 5. Bg2 g6 6. Nc3 Ne4 7. Nxe4 Bxe4 8. Bg5 f6 9. Be3 Bg7 10. O-O O-O 11. Qd2 f5 12. Nh4 Bxg2 13. Nxg2 d6 14. Nf4 Qe7 15. d5 e5 16. Ne6 Rc8 17. Nxg7 Kxg7 18. Bh6+ Kg8 19. e4 f4 20. Kh1 Nd7 21. gxf4 exf4 22. Qxf4 Ne5 23. b3 Nf7 24. Rae1 Re8 25. Rg1 a5 26. Bg5 Nxg5 27. Qxg5 Qxg5 28. Rxg5 a4 29. Re2 axb3 30. axb3 Ra3 31. Rg3 b5 32. cxb5 Rb8 33. Rc3 Rxb5 34. Rxc7 Raxb3 35. Rd7 Rb6 36. Kg2 Ra3 37. Rc2 Ra4 38. Rc8# 1-0


[Site "https://www.chess.com"]

[Event "Titled Tuesday Blitz July 13 2021"]
[White "Maly, Alexey"]
[Black "Senthil Maran K"]
[WhiteFideId "14103184"]
[BlackFideId "25035681"]
[WhiteElo "2285"]
[BlackElo "2194"]
[Result "1-0"]
[Round "08"]
[TimeControl "180+1"]
[Date "2021.07.13"]
[WhiteClock "0:02:23"]
[BlackClock "0:00:06"]

1. d4 d5 2. c4 e6 3. Nf3 Nf6 4. e3 a6 5. Nbd2 Nbd7 6. Bd3 dxc4 7. Nxc4 b5 8. Nce5 Bb7 9. O-O c5 10. b3 Be7 11. Bb2 O-O 12. a4 cxd4 13. Bxd4 Nxe5 14. Nxe5 b4 15. Qe2 Nd5 16. Qh5 Nf6 17. Qh3 Bd6 18. Rad1 Qe7 19. Nc6 Bxc6 20. Bxf6 Bxh2+ 21. Qxh2 1-0


[Site "https://www.chess.com"]

[Event "Titled Tuesday Blitz July 13 2021"]
[White "Martinez Alcantara, Jose Eduardo"]
[Black "Khusnutdinov, Rustam"]
[WhiteFideId "3805662"]
[BlackFideId "13701703"]
[WhiteElo "3001"]
[BlackElo "2863"]
[Result "1/2-1/2"]
[Round "08"]
[TimeControl "180+1"]
[Date "2021.07.13"]
[WhiteClock "0:00:06"]
[BlackClock "0:00:05"]

1. c4 e5 2. g3 Nc6 3. Nc3 Bc5 4. Bg2 d6 5. e3 a6 6. Nge2 Ba7 7. O-O h5 8. d4 h4 9. b4 Bg4 10. c5 Qd7 11. cxd6 cxd6 12. dxe5 Nxe5 13. Qd5 hxg3 14. fxg3 Rb8 15. Nd4 Nf6 16. Rxf6 gxf6 17. Ne4 Rh6 18. b5 Be6 19. Qxd6 Rd8 20. Nxf6+ Rxf6 21. Qxe5 Qe7 22. bxa6 bxa6 23. a4 Bd7 24. Qxe7+ Kxe7 25. a5 Rc8 26. Bd2 Ke8 27. Bf1 Rh6 28. Rb1 Rb8 29. Rc1 Rb2 30. Rc2 Bxd4 31. exd4 Rxc2 32. Bxh6 Ra2 33. Bxa6 Rxa5 34. Be2 Ra2 35. Bf3 Bh3 36. d5 Kd7 37. Bg7 Rd2 38. Be5 Ke7 39. Bf4 Ra2 40. Be5 Rd2 41. Bf4 Ra2 42. g4 f6 43. g5 Ra4 44. gxf6+ Kxf6 45. Bg3 Bg4 46. Bg2 Ra2 47. Bf1 Bf3 48. d6 Bc6 49. Bc4 Rg2+ 50. Kf1 Rc2 51. Bd3 Rd2 52. Be2 Rd4 53. Kf2 Re4 54. Bd3 Ra4 55. Bc2 Ra2 56. Ke3 Rxc2 57. Kd4 Rd2+ 58. Kc5 Bd7 59. Bf4 Rd1 60. Bg3 Ke6 61. Kc4 Rd5 62. Kc3 Bc6 63. Kc4 Kd7 64. Kc3 Rh5 65. Kd4 Bd5 66. Ke3 Be6 67. Kf4 Kc6 68. Ke4 Bd7 69. Kd4 Rg5 70. Ke4 Ra5 71. Kd4 Ra8 72. Ke5 Re8+ 73. Kf6 Kd5 74. Kf7 Re4 75. Kf6 Re6+ 76. Kf7 Ke4 77. Kg7 Kf5 78. Kf7 Re2 79. Kg7 Be8 80. Kh6 Re6+ 81. Kg7 Bc6 82. Kf7 Re4 83. Kg7 Be8 84. Kh7 Kf6 85. Kh6 Re6 86. Kh7 Bg6+ 87. Kh6 Re8 88. Bh4+ Kf5 89. Kg7 Ke6 90. Kxg6 Kxd6 91. Bf6 Re2 92. h4 Rh2 93. Bg5 Rxh4 94. Bxh4 1/2-1/2


[Site "https://www.chess.com"]

[Event "Titled Tuesday Blitz July 13 2021"]
[White "Martinez Reyes, Pedro Ramon"]
[Black "Papasimakopoulos, Alexandros"]
[WhiteFideId "3901807"]
[BlackFideId "4244125"]
[WhiteElo "2398"]
[BlackElo "2352"]
[Result "1-0"]
[Round "08"]
[TimeControl "180+1"]
[Date "2021.07.13"]
[WhiteClock "0:00:51"]
[BlackClock "0:00:14"]

1. e4 e6 2. Nc3 d5 3. b3 d4 4. Nce2 c5 5. Bb2 Nc6 6. Nf3 h5 7. h4 Nf6 8. d3 Ng4 9. g3 b6 10. Bg2 Bb7 11. O-O Be7 12. a3 Qc7 13. Qd2 f6 14. Nf4 Kf7 15. Rae1 Rag8 16. Nh3 Ke8 17. c3 dxc3 18. Bxc3 e5 19. b4 Kd8 20. bxc5 bxc5 21. Rb1 Kd7 22. Rfc1 Rb8 23. Ne1 Ba6 24. Nc2 Rxb1 25. Rxb1 Rb8 26. Rc1 Rb3 27. Ne3 Nxe3 28. Qxe3 Rxa3 29. Bf3 Qd6 30. Bxh5 Kc7 31. Be2 Nd4 32. Bxd4 Qxd4 33. Qxd4 exd4 34. Nf4 Kd6 35. h5 Bb5 36. g4 Ra2 37. Bf1 a6 38. Nd5 Bd8 39. f4 Rd2 40. Re1 Bxd3 41. Bg2 Rb2 42. e5+ fxe5 43. fxe5+ Kd7 44. e6+ Ke8 45. e7 Ba5 46. Nc7+ Bxc7 47. Bc6+ Kf7 48. e8=Q+ Kf6 49. Qe7# 1-0


[Site "https://www.chess.com"]

[Event "Titled Tuesday Blitz July 13 2021"]
[White "Matinian, Nikita"]
[Black "Bortnyk, Olexandr"]
[WhiteFideId "24129100"]
[BlackFideId "14120828"]
[WhiteElo "2410"]
[BlackElo "2723"]
[Result "1-0"]
[Round "08"]
[TimeControl "180+1"]
[Date "2021.07.13"]
[WhiteClock "0:00:02"]
[BlackClock "0:00:01"]

1. e4 Nf6 2. e5 Nd5 3. d4 d6 4. Nf3 dxe5 5. Nxe5 g6 6. c4 Nb6 7. c5 Nd5 8. Nc3 Bg7 9. Bc4 c6 10. Nxd5 cxd5 11. Bb5+ Nd7 12. Qb3 O-O 13. Bxd7 Bxd7 14. Qxb7 Bf5 15. O-O Re8 16. Bf4 Rb8 17. Qxa7 Rxb2 18. Rfe1 Qa8 19. Qxa8 Rxa8 20. Nc6 Kf8 21. Rxe7 Raxa2 22. Rae1 Be6 23. Bd6 Bh6 24. R7xe6+ Kg7 25. Be5+ Kf8 26. Rd6 Bd2 27. Rd8# 1-0


[Site "https://www.chess.com"]

[Event "Titled Tuesday Blitz July 13 2021"]
[White "Mikaelyan, Arman"]
[Black "Maksimovic, Bojan"]
[WhiteFideId "13304852"]
[BlackFideId "14408120"]
[WhiteElo "2461"]
[BlackElo "2439"]
[Result "0-1"]
[Round "08"]
[TimeControl "180+1"]
[Date "2021.07.13"]
[WhiteClock "0:00:01"]
[BlackClock "0:00:05"]

1. Nf3 Nf6 2. c4 g6 3. g3 Bg7 4. Bg2 O-O 5. O-O d5 6. cxd5 Nxd5 7. Nc3 Nc6 8. Rb1 Bf5 9. d3 Bxc3 10. e4 Bg7 11. exf5 Qd7 12. fxg6 hxg6 13. Ng5 Rad8 14. Bd2 Nd4 15. Re1 c6 16. h4 Qf5 17. Be4 Qf6 18. h5 Bh6 19. f4 Bxg5 20. fxg5 Qh8 21. hxg6 fxg6 22. Qg4 Nf5 23. Bg2 Qd4+ 24. Qxd4 Nxd4 25. Bc3 Nf3+ 26. Bxf3 Rxf3 27. Kg2 Rxd3 28. Be5 Rd2+ 29. Kh3 Kf7 30. Kg4 Rf8 31. Rf1+ Ke8 32. Rxf8+ Kxf8 33. Rh1 Kf7 34. Rh7+ Ke6 35. Bh8 Ne3+ 36. Kf3 Nf5 37. g4 Nd6 38. Rg7 Rd3+ 39. Ke2 Rh3 40. Rxg6+ Kf7 41. Rh6 Rxh6 42. gxh6 Kg6 43. Bg7 Nf7 44. Kf3 Nxh6 45. Bxh6 Kxh6 46. Kf4 c5 47. Ke5 c4 48. Kd5 b5 49. Kc5 a6 50. a3 Kg5 0-1


[Site "https://www.chess.com"]

[Event "Titled Tuesday Blitz July 13 2021"]
[White "Mirzoev, Azer"]
[Black "Wagner, Dinara"]
[WhiteFideId "13400304"]
[BlackFideId "24157570"]
[WhiteElo "2525"]
[BlackElo "2260"]
[Result "1-0"]
[Round "08"]
[TimeControl "180+1"]
[Date "2021.07.13"]
[WhiteClock "0:00:17"]
[BlackClock "0:00:03"]

1. d4 Nf6 2. Nf3 d5 3. Bf4 c5 4. e3 cxd4 5. exd4 Nc6 6. c3 Bg4 7. Nbd2 e6 8. Qb3 Qc8 9. Ne5 Nxe5 10. Bxe5 Nd7 11. Bg3 Be7 12. Bd3 O-O 13. O-O Nf6 14. Rfe1 Bh5 15. a4 a6 16. a5 Qd7 17. h3 Rac8 18. Bf1 Rfe8 19. Be5 h6 20. Qa4 Qd8 21. Rac1 Nd7 22. Bf4 Nb8 23. b4 Nc6 24. Nb3 Bg5 25. Bxg5 Qxg5 26. Nc5 Qe7 27. Rb1 Na7 28. Re5 Bg6 29. Rbe1 Qc7 30. R5e3 Nc6 31. Qb3 Kh7 32. Rg3 Ne7 33. Qa3 Nf5 34. Rf3 Nd6 35. Rfe3 Nf5 36. Re5 Nd6 37. R5e2 Nf5 38. Rb2 Nd6 39. Qa1 Ra8 40. Qc1 Qe7 41. Qf4 Red8 42. Rbe2 Qc7 43. Re3 Rac8 44. h4 Qe7 45. Rh3 Kg8 46. h5 Bh7 47. Rg3 Nf5 48. Rf3 Qg5 49. Qxg5 hxg5 50. Re5 Rc7 51. g4 Nd6 52. Rxg5 f6 53. Nxe6 fxg5 54. Nxc7 Rc8 55. Nxd5 Rd8 56. Re3 Be4 57. Ne7+ Kf7 58. Ng6 Bxg6 59. hxg6+ Kxg6 60. Bd3+ Kf6 61. Re5 Rc8 62. Rc5 Re8 63. Kg2 Re1 64. Rd5 Ke6 65. Rxg5 Kf6 66. Rd5 Ke6 67. Rc5 Rc1 68. Bf5+ Nxf5 69. gxf5+ Kd6 70. Kf3 Rc2 71. Ke3 Rc1 72. f3 Rxc3+ 73. Rxc3 1-0


[Site "https://www.chess.com"]

[Event "Titled Tuesday Blitz July 13 2021"]
[White "Najdin, Danil"]
[Black "Krivonosov, Oleg"]
[WhiteFideId "4172426"]
[BlackFideId "11600349"]
[WhiteElo "2193"]
[BlackElo "2469"]
[Result "0-1"]
[Round "08"]
[TimeControl "180+1"]
[Date "2021.07.13"]
[WhiteClock "0:00:02"]
[BlackClock "0:00:22"]

1. e4 e5 2. Nf3 Nc6 3. Bb5 Nf6 4. d3 Bc5 5. O-O Nd4 6. Nxd4 Bxd4 7. c3 Bb6 8. d4 O-O 9. dxe5 Nxe4 10. Nd2 d5 11. Nxe4 dxe4 12. Qxd8 Rxd8 13. Bg5 Rd5 14. Rad1 Be6 15. Rxd5 Bxd5 16. b3 c6 17. Be2 Re8 18. Bf4 Bc7 19. c4 Be6 20. Rd1 f5 21. f3 exf3 22. gxf3 Rd8 23. Rxd8+ Bxd8 24. Be3 a6 25. Bc5 g5 26. Kg2 f4 27. Bd3 h6 28. Be4 Bc7 29. Bd6 Ba5 30. b4 Bd8 31. Bd3 b5 32. cxb5 axb5 33. a3 Kf7 34. Be4 Bd7 35. Kf2 Be7 36. Bc7 Ke6 37. Ke2 Bf8 38. Kd3 c5 39. Ba5 Kxe5 40. bxc5 Bxc5 41. Bb4 Bxb4 42. axb4 g4 43. fxg4 Bxg4 44. Bc6 Bf5+ 45. Kd2 Kd4 46. Bxb5 Be4 47. Bf1 f3 48. b5 Bb7 49. b6 Kc5 50. Ke3 Kxb6 51. Kf4 Kc5 52. Kg4 Kd4 53. Kh5 Ke3 54. Kxh6 Be4 55. h4 Bd3 56. Bh3 Kf4 57. h5 Kg3 58. Bf1 Bxf1 59. Kg5 Bd3 0-1


[Site "https://www.chess.com"]

[Event "Titled Tuesday Blitz July 13 2021"]
[White "Nguyen, Hong Ngoc"]
[Black "Carlsson, Ludvig"]
[WhiteFideId "12403083"]
[BlackFideId "1727010"]
[WhiteElo "1830"]
[BlackElo "2147"]
[Result "0-1"]
[Round "08"]
[TimeControl "180+1"]
[Date "2021.07.13"]
[WhiteClock "0:00:08"]
[BlackClock "0:00:07"]

1. e4 e5 2. Nf3 Nc6 3. Bb5 Nf6 4. O-O d6 5. d4 exd4 6. Nxd4 Bd7 7. Bxc6 bxc6 8. Nc3 Be7 9. h3 O-O 10. Re1 Re8 11. Nf3 Bf8 12. Bf4 Be6 13. Bh2 Rb8 14. b3 h6 15. e5 Nd5 16. Ne4 Bf5 17. Qd4 Nb4 18. Qc3 d5 19. Ng3 Bg6 20. Re2 c5 21. a3 d4 22. Qc4 Nd5 23. Ne4 Bxe4 24. Rxe4 Nc3 25. Ree1 Qd5 26. Nd2 c6 27. Qd3 Rbd8 28. Nc4 g6 29. Bg3 Qe6 30. Kh2 Qf5 31. Nd2 Qxd3 32. cxd3 Re6 33. f4 f5 34. Rac1 Rb8 35. Rc2 a5 36. a4 Be7 37. Bf2 Bd8 38. g3 Bc7 39. Rec1 Kf7 40. Rxc3 dxc3 41. Rxc3 Bb6 42. Nc4 Bc7 43. Bxc5 Ree8 44. d4 Ke6 45. Rd3 Red8 46. Kg2 Kd5 47. Kf3 Rb7 48. Ne3+ Ke6 49. g4 Rdb8 50. gxf5+ gxf5 51. d5+ cxd5 52. Rxd5 Rxb3 53. Bd4 Rd8 54. Rc5 Rxd4 55. Rc6+ Kd7 56. Rc2 Rdd3 57. Re2 Bb6 0-1


[Site "https://www.chess.com"]

[Event "Titled Tuesday Blitz July 13 2021"]
[White "Nguyen, Quoc Hy"]
[Black "McDonald, Mike"]
[WhiteFideId "12410853"]
[BlackFideId "2635682"]
[WhiteElo "1975"]
[BlackElo "2442"]
[Result "1-0"]
[Round "08"]
[TimeControl "180+1"]
[Date "2021.07.13"]
[WhiteClock "0:01:07"]
[BlackClock "0:00:10"]

1. d4 d5 2. c4 e5 3. dxe5 d4 4. Nf3 Nc6 5. g3 Nge7 6. Bg2 Ng6 7. O-O Ngxe5 8. b3 Nxf3+ 9. Bxf3 Be7 10. Bb2 Bf6 11. Nd2 Bf5 12. Ne4 Bxe4 13. Bxe4 O-O 14. Qd3 Ne5 15. Qc2 g6 16. Bxb7 Rb8 17. Bg2 c5 18. Rad1 Qa5 19. Ra1 Rfe8 20. Rfd1 Ng4 21. h3 Nh6 22. e3 Rbd8 23. exd4 cxd4 24. Qd2 Qh5 25. Re1 Be5 26. Re4 Nf5 27. g4 Qh6 28. Qxh6 Nxh6 29. Rae1 f6 30. f4 Nf7 31. fxe5 Nxe5 32. Bxd4 Rxd4 33. Rxd4 Nf3+ 34. Bxf3 Rxe1+ 35. Kf2 Ra1 36. Rd8+ Kg7 37. Rd7+ Kh6 38. Rxa7 Kg5 39. Kg3 h5 40. h4+ Kh6 41. gxh5 gxh5 42. c5 Rc1 43. c6 Rg1+ 44. Bg2 Rc1 45. b4 Rc3+ 46. Bf3 Rc2 47. b5 f5 48. b6 f4+ 49. Kxf4 Rc4+ 50. Ke3 Rc3+ 51. Ke2 Rc2+ 52. Kd3 Rf2 53. Ke3 Rc2 54. c7 Rc3+ 55. Kd4 Rc1 56. Bd5 Rd1+ 57. Kc5 Rc1+ 58. Bc4 Rg1 59. c8=Q Rg8 60. Qe6+ Rg6 61. Qe3+ Rg5+ 62. Qxg5# 1-0


[Site "https://www.chess.com"]